 Dungeon Crawl Stone Soup version 0.26-a0-812-g31a745ddcd (webtiles) character file.

Game seed: 9031719573365274097

380 loralnil the Grave Robber (level 6, -5/49 HPs)
             Began as a Deep Dwarf Necromancer on Dec 1, 2020.
             Slain by an ogre
             ... wielding a +0 giant spiked club
              (20 damage)
             ... on level 4 of the Dungeon.
             The game lasted 00:07:25 (3282 turns).

loralnil the Grave Robber (Deep Dwarf Necromancer)  Turns: 3282, Time: 00:07:26

Health: -5/49      AC:  4    Str: 17    XL:     6   Next: 46%
Magic:  0/10       EV: 14    Int: 18    God:
Gold:   164        SH:  0    Dex: 13    Spells: 6/11 levels left

rFire    + + .     SeeInvis .   u - +0 morningstar
rCold    + . .     Faith    .   (no shield)
rNeg     . . .     Spirit   .   a - +0 robe
rPois    .         Reflect  .   h - +0 helmet
rElec    .         Harm     .   c - scarf {rC+ rF+}
rCorr    .         Rampage  .   e - +0 pair of gloves
MR       .....                  (no boots)
Stlth    +++.......             (no amulet)
HPRegen  0.00/turn              l - ring of protection from fire
MPRegen  0.12/turn              s - +6 ring of strength

@: non-regenerating
A: damage resistance, heal wounds, sense surroundings 1, no regeneration
a: Heal Wounds


You were on level 4 of the Dungeon.
You visited 1 branch of the dungeon, and saw 4 of its levels.

You collected 164 gold pieces.

Inventory:

Hand Weapons
 u - a +0 morningstar (weapon)
Armour
 a - a +0 robe (worn)
 c - a scarf of resistance (worn)
 e - a +0 pair of gloves (worn)
 h - a +0 helmet (worn)
Jewellery
 l - a ring of protection from fire (left hand)
 s - a +6 ring of strength (right hand)
Scrolls
 b - 2 scrolls of remove curse {unknown}
 d - 5 scrolls of teleportation
 f - a scroll of blinking {unknown}
 j - a scroll of enchant armour {unknown}
 n - 2 scrolls of noise {unknown}
 o - a scroll of fog {unknown}
 p - a scroll of amnesia {unknown}
 q - a scroll of immolation {unknown}
 w - a scroll of magic mapping {unknown}
Potions
 g - 5 potions of curing
 i - a potion of mutation
 k - a potion of haste
 m - a potion of ambrosia
 r - a potion of lignification
 t - a potion of cancellation
 v - a potion of might


   Skills:
 + Level 4.2 Dodging
 + Level 5.0 Stealth
 + Level 3.2 Spellcasting
 + Level 5.7 Necromancy


You had 6 spell levels left.
You knew the following spells:

 Your Spells              Type           Power        Failure   Level
a - Pain                  Necr           ###.         1%          1
b - Animate Skeleton      Necr           ###...       1%          1
c - Vampiric Draining     Necr           ###.......   4%          3

Your spell library contained the following spells:

 Spells                   Type           Power        Failure   Level
 Animate Dead             Necr           ###.......   16%         4
 Agony                    Necr           ###.....     38%         5


Dungeon Overview and Level Annotations

Branches:
Dungeon (4/15)
 Temple: D:4-7

Altars:


Innate Abilities, Weirdness & Mutations

You are resistant to damage.
You can heal yourself by infusing magical energy.
You passively map a small area around you.
You do not regenerate.


Message History

The orc priest looks braver for a moment.
You closely miss the orc. The orc hits you with a +0 short sword.
You sock the orc!
You kill the orc!
Your Stealth skill increases to level 5!
You hit the ogre.
The ogre is lightly wounded.
The ogre completely misses you.
Casting: Vampiric Draining (dangerous; 4% risk of failure)
Confirm with . or Enter, or press ? or * to list all spells.
Aiming: Vampiric Draining (dangerous; 4% risk of failure)
Press: ? - help, Shift-Dir - straight line, f - ogre
Aim: an ogre, wielding a +0 giant spiked club (lightly wounded)
The ogre is moderately wounded.
You feel life coursing into your body.
The ogre hits you with a +0 giant spiked club!!
You hit the ogre.
The ogre is heavily wounded.
The ogre hits you with a +0 giant spiked club!!
You die...

#####
##...############
##.....##....[...#
#.......#........# *
#.......#..o$....# ,,,
### #.......#........#
, ..# ##.....##
..o....## * ..#
##.......###........
..######........@Ooo.#
*
................##o.##
#..####........###..#
#..#....###...## #.##
#.##.#### #.### ..#
.....# #.# , ...#
....## #.#* .### .##.#
*.# .. ## # ##.# ,


You could see an ogre, an orc priest and 2 orcs.

Vanquished Creatures
  Sigmund (D:2)
  An orc wizard (D:2)
  An orc priest (D:4)
  3 gnolls (D:2)
  3 adders
  3 worms
  3 dart slugs
  5 leopard geckos
  10 orcs
  3 bats
  A giant cockroach (D:2)
  9 hobgoblins
  16 jackals
  11 kobolds
  3 frilled lizards
  8 goblins
  4 rats
85 creatures vanquished.

Notes
Turn   | Place    | Note
-------+----------+-------------------------------------------
     0 | D:1      | loralnil the Deep Dwarf Necromancer began the quest for the
                  | Orb.
     0 | D:1      | Reached XP level 1. HP: 15/15 MP: 3/3
   211 | D:1      | Reached XP level 2. HP: 22/22 MP: 0/5
   336 | D:1      | Learned a level 1 spell: Animate Skeleton
  1056 | D:2      | Reached XP level 3. HP: 19/28 MP: 1/6
  1145 | D:2      | Learned a level 3 spell: Vampiric Draining
  1378 | D:2      | Reached XP level 4. HP: 16/36 MP: 0/7
  1450 | D:2      | Noticed Sigmund
  1656 | D:2      | Killed Sigmund
  1656 | D:2      | Reached skill level 5 in Necromancy
  1656 | D:2      | Reached XP level 5. HP: 39/42 MP: 0/9
  2445 | D:2      | Reached XP level 6. HP: 49/49 MP: 6/10
  3279 | D:4      | Reached skill level 5 in Stealth
  3282 | D:4      | Slain by an ogre

Illustrated notes

Levels and vault maps discovered:
D:1:      dpeg_arrival_erosion, layout_basic
D:2:      layout_loops_ring, uniq_sigmund
D:3:      layout_rooms, serial_corexii_hall, corexii_hall_statues_i,
          corexii_hall_statues_s
D:4:      layout_rooms, nicolae_ru_sacrificial_ziggurat

Skill      XL: |  1  2  3  4  5  6 |
---------------+-------------------+-----
Spellcasting   | 2 3 |  3.2
Stealth        | 3 4 5 |  5.0
Dodging        | 3 4 |  4.2
Necromancy     | 5 |  5.7

Action                   |  1- 3 |  4- 6 || total
-------------------------+-------+-------++-------
Melee: Unarmed           |     2 |       ||     2
       Dagger            |    62 |   115 ||   177
       Morningstar       |       |    15 ||    15
 Cast: Pain              |    49 |    14 ||    63
       Vampiric Draining |     3 |    29 ||    32
  Use: Scroll            |     5 |     4 ||     9
 Stab: Sleeping          |       |     6 ||     6
Armor: Robe              |    25 |    33 ||    58
Dodge: Dodged            |    56 |   124 ||   180

Table legend: (Time is in decaauts)
 A = Elapsed time spent in this place.
 B = Non-inter-level travel time spent in this place.
 C = Inter-level travel time spent in this place.
 D = Time resting spent in this place.
 E = Time spent auto-exploring this place.
 F = Levels seen in this place.
 G = Mean time per level.
                   A        B        C        D        E       F      G
               +--------+--------+--------+--------+--------+-----+--------+
         Total |   3290 |   3251 |     39 |    177 |   2302 |   4 |  822.5 |
       Dungeon |   3290 |   3251 |     39 |    177 |   2302 |   4 |  822.5 |
               +--------+--------+--------+--------+--------+-----+--------+

Top non-repeatable levels by time:
     D:2: 1472 daAuts
     D:1: 1187 daAuts
     D:3: 510 daAuts
     D:4: 120 daAuts
